 Dungeon Crawl Stone Soup version 0.23-a0-143-g1adec7b (webtiles) character file.

9 Amnesiac the Chiller (level 2, 0/19 HPs)
             Began as a Mummy Ice Elementalist on Sept 3, 2018.
             Slain by a jackal (2 damage)
             ... on level 1 of the Dungeon.
             The game lasted 00:00:40 (285 turns).

Amnesiac the Chiller (Mummy Ice Elementalist)        Turns: 285, Time: 00:00:40

Health: 0/19       AC:  2    Str: 11    XL:     2   Next: 3%
Magic:  5/5        EV: 12    Int: 14    God:
Gold:   5          SH:  0    Dex: 12    Spells: 5/6 levels left

rFire    x . .     SeeInvis .   (no weapon)
rCold    + . .     Gourm    .   (no shield)
rNeg     + + +     Faith    .   a - +0 robe
rPois    ∞         Spirit   .   (no helmet)
rElec    .         Reflect  .   (no cloak)
rCorr    .         Harm     .   (no gloves)
MR       .....                  (no boots)
Stlth    ++........             (no amulet)
HPRegen  0.06/turn              (no ring)
MPRegen  0.09/turn              (no ring)

@: no status effects
A: no food or potions, fire vulnerability, cold resistance 1, negative energy
resistance 3, torment resistance, unbreathing
a: no special abilities


You were on level 1 of the Dungeon.
You were not hungry.

You visited 1 branch of the dungeon, and saw 1 of its levels.

You collected 5 gold pieces.

Inventory:

Armour
 a - a +0 robe (worn)
Scrolls
 b - 2 scrolls of teleportation {!r, unknown}
 c - a scroll of identify {!r, unknown}


   Skills:
 - Level 1.5 Dodging
 - Level 1.5 Stealth
 + Level 2.8 Spellcasting
   Level 0.7 Conjurations
 * Level 2.9 Ice Magic


You had 5 spell levels left.
You knew the following spells:

 Your Spells              Type           Power        Failure   Level  Hunger
a - Freeze                Ice            ##..         7%          1    N/A

Your spell library contained the following spells:

 Spells                   Type           Power        Failure   Level  Hunger
 Throw Frost              Conj/Ice       #.....       16%         2    N/A
 Ozocubu's Armour         Chrm/Ice       #.......     34%         3    N/A
 Throw Icicle             Conj/Ice       #.......     71%         4    N/A
 Summon Ice Beast         Ice/Summ       #.......     75%         4    N/A

Dungeon Overview and Level Annotations

Branches:
Dungeon (1/15)

Altars:


Innate Abilities, Weirdness & Mutations

You do not eat or drink.
Your flesh is vulnerable to fire.
You are immune to poison.
Your flesh is cold resistant. (rC+)
You are immune to negative energy. (rN+++)
You are immune to unholy pain and torment.
You can survive without breathing.


Message History

You hit the jackal but do no damage.
The jackal is severely wounded.
The jackal misses you.
The jackal bites you but does no damage.
The jackal bites you.
* * * LOW HITPOINT WARNING * * *
There are monsters nearby!
You are too injured to fight recklessly!
There are monsters nearby!
You are too injured to fight recklessly!
There are monsters nearby!
You are too injured to fight recklessly!
There are monsters nearby!
You are too injured to fight recklessly!
There are monsters nearby!
You are too injured to fight recklessly!
There are monsters nearby!
You are too injured to fight recklessly!
There are monsters nearby!
You are too injured to fight recklessly!
There are monsters nearby!
You are too injured to fight recklessly!
There are monsters nearby!
You are too injured to fight recklessly!
There are monsters nearby!
You are too injured to fight recklessly!
There are monsters nearby!
You are too injured to fight recklessly!
There are monsters nearby!
You are too injured to fight recklessly!
There are monsters nearby!
You are too injured to fight recklessly!
There are monsters nearby!
You are too injured to fight recklessly!
There are monsters nearby!
You are too injured to fight recklessly!
There are monsters nearby!
You are too injured to fight recklessly!
There are monsters nearby!
You are too injured to fight recklessly!
There are monsters nearby!
You are too injured to fight recklessly!
There are monsters nearby!
You are too injured to fight recklessly!
There are monsters nearby!
You are too injured to fight recklessly!
There are monsters nearby!
You are too injured to fight recklessly!
There are monsters nearby!
You are too injured to fight recklessly!
There are monsters nearby!
You are too injured to fight recklessly!
There are monsters nearby!
You are too injured to fight recklessly!
There are monsters nearby!
You are too injured to fight recklessly!
There are monsters nearby!
You are too injured to fight recklessly!
There are monsters nearby!
You are too injured to fight recklessly!
Unknown command.
The jackal completely misses you. The jackal barely misses you.
The jackal bites you.
You die...

#.#########.## #.###.##.##
##.#### #.# #.#.......# ......#
#.# #.........# ##.##.# ##+#
###.#.###.# ...##.# ##...#
#.#...#.# # #####.# ##.....##
#.#.#.#.# # ##.##.#
#.......###.#.....# #
......##.......h.##.#...#.#######
.......+.......h@'...............
#...####.......h.####...#########
##.## #.......## ##..# ##. ..##
##.....## ##.### #.. #.# ##...#
#....## #.. #.# ##+# #.#...# #..
#.# #.# #....## ##. #.# #.#
####.# ## #.# ##.#### #.#


You could see 3 jackals.

Vanquished Creatures
  A ball python (D:1)
  2 goblins (D:1)
  A hobgoblin (D:1)
  A bat (D:1)
  3 frilled lizards (D:1)
  A rat (D:1)
9 creatures vanquished.

Notes
Turn   | Place    | Note
-------+----------+-------------------------------------------
     0 | D:1      | Amnesiac the Mummy Ice Elementalist began the quest for the
                  | Orb.
     0 | D:1      | Reached XP level 1. HP: 13/13 MP: 4/4
   230 | D:1      | Reached XP level 2. HP: 17/19 MP: 5/5
   285 | D:1      | Slain by a jackal

Vault maps used:
D:1:      evilmike_arrival_plus

Action                   || total
-------------------------++-------
Melee: Unarmed           ||    51
 Stab: Sleeping          ||     1
Armor: Robe              ||    15
Dodge: Dodged            ||    51

Table legend:
 A = Non-vault XP
 B = Vault XP
 C = Vault XP percentage of total XP
 D = Non-vault monster count
 E = Vault monster count
 F = Vault count percentage of total count
                 A         B        C        D         E       F
            +---------+---------+-------+---------+---------+-------
      Total |      13 |       0 |   0.0 |       9 |       0 |   0.0
            +---------+---------+-------+---------+---------+-------
        D:1 |      13 |       0 |   0.0 |       9 |       0 |   0.0
            +---------+---------+-------+---------+---------+-------
